 Dungeon Crawl Stone Soup version 0.17-a0-1397-g0eee0a3 (webtiles) character file.

429 Hanyuu the Sneak (level 6, -4/43 HPs)
             Began as a Vampire Enchanter on June 16, 2015.
             Slain by Grinder (8 damage)
             ... while paralysed by Grinder
             ... on level 4 of the Dungeon on June 17, 2015.
             The game lasted 00:19:44 (4475 turns).

Hanyuu the Sneak (Vampire Enchanter)                Turns: 4475, Time: 00:19:44

Health: -4/43      AC:  3    Str:  7    XL:     6   Next: 66%
Magic:  13/13      EV:  2    Int: 25    God:
Gold:   170        SH:  0    Dex: 14    Spells: 4 memorised, 4 levels left

rFire  + . .     SeeInvis +     t - +0 rapier
rCold  x . .     Clarity  .     i - +1 robe
rNeg   + . .     SustAt   .     (no shield)
rPois  .         Gourm    .     h - +0 hat
rElec  .         Spirit   .     (no cloak)
rCorr  .         Warding  .     (no gloves)
rMut   .         Stasis   .     (no boots)
MR     .....                    (no amulet)
Stlth  +++.......               k - +5 ring of intelligence
                                e - ring of fire

@: paralysed, not resistant to hostile enchantments, fairly stealthy
A: fangs 3, see invisible, unbreathing
a: Bat Form


You were on level 4 of the Dungeon.
You were not thirsty.

You visited 1 branch of the dungeon, and saw 4 of its levels.

You collected 170 gold pieces.

Inventory:

Hand weapons
 a - a +1 dagger
 b - a +0 blowgun
 t - a +0 rapier (weapon)
Missiles
 f - 22 poisoned needles
 g - 6 tomahawks (quivered)
Armour
 h - a +0 hat (worn)
 i - a +1 robe (worn)
Jewellery
 e - a ring of fire (left hand)
 k - a +5 ring of intelligence (right hand)
 m - an uncursed amulet of faith {unknown}
Magical devices
 l - a wand of random effects (12)
Scrolls
 n - a scroll of teleportation {unknown}
 q - a scroll of remove curse
 s - a scroll of magic mapping
Potions
 d - 22 potions of blood
 j - a potion of brilliance
 o - a potion of lignification {unknown}
 r - a potion of agility {unknown}
Books
 c - a book of Maledictions

   Spells                             Type                      Level
   a - Corona                         Hexes                        1
   b - Ensorcelled Hibernation        Hexes/Ice                    2
   c - Confuse                        Hexes                        3
   d - Tukima's Dance                 Hexes                        3
   e - Dazzling Spray                 Conjuration/Hexes            3


   Skills:
 - Level 1.3 Fighting
 - Level 4.1 Short Blades
 - Level 2.1 Dodging
 + Level 5.8 Stealth
 + Level 4.9 Spellcasting
 - Level 4.4 Hexes


You had 4 spell levels left.
You knew the following spells:

 Your Spells              Type           Power        Failure   Level  Hunger
a - Corona                Hex            ####...      1%          1    None
b - Confuse               Hex            ####....     4%          3    ##.....
c - Tukima's Dance        Hex            ####....     4%          3    ##.....
d - Dazzling Spray        Conj/Hex       ###.....     12%         3    ##.....


Dungeon Overview and Level Annotations

Branches:
Dungeon (4/15)
 Temple: D:4-7

Altars:
Cheibriados
Fedhas
Gozag
Makhleb
Qazlal
Vehumet
The Shining One

Annotations:
D:4 Grinder


Innate Abilities, Weirdness & Mutations

You have razor-sharp teeth.
You have supernaturally acute eyesight.
You can survive without breathing.


Message History

Grinder is lightly wounded.
Grinder hits you!
You hit Grinder but do no damage. Grinder hits you.
Read which item? (? for menu, Esc to quit)
As you read the scroll labeled MUCWURADID, it crumbles to dust.
You feel blessed for a moment.
It was a scroll of remove curse.
Grinder barely misses you.
Read which item? (? for menu, Esc to quit)
As you read the scroll labeled MANNU ZIAGADA, it crumbles to dust.
The creatures around you are filled with an inner flame!
It was a scroll of immolation.
Grinder gestures at you.
You suddenly lose the ability to move!
Grinder gestures at you. Pain shoots through your body!
* * * LOW HITPOINT WARNING * * *
Grinder hits you!
* * * LOW HITPOINT WARNING * * *
Grinder hits you!
You die...

##.## #.##.#..### #.#
#. #....# #.# #.
##.#.# ##'## #.###.#.#
##...## #.......#
##.....## ###.....##
##.......## #.......#
#.........###.......##
+....@....+...........
#....5..).####.....###
##.......## ##....#
##.....## ####.#
##...## #)# ##+## #.#
#.# #.# #.# #.# ##.##
#.#


You could see Grinder (inner flame).

Vanquished Creatures
  Eustachio (D:4)
  An orc priest (D:3)
  Ijyb (D:1)
  Terence (D:2)
  An iguana (D:3)
  2 orc wizards (D:3)
  4 adders
  A worm (D:2)
  3 giant geckos
  10 orcs (D:3)
  3 giant cockroaches
  12 hobgoblins
  9 jackals
  3 quokkas
  A ball python (D:3)
  11 bats
  4 giant newts
  11 goblins
  12 kobolds
  18 rats
109 creatures vanquished.

Vanquished Creatures (collateral kills)
  A bat (D:4)
1 creature vanquished.

Grand Total: 110 creatures vanquished

Notes
Turn   | Place    | Note
--------------------------------------------------------------
     0 | D:1      | Hanyuu the Vampire Enchanter began the quest for the Orb.
     0 | D:1      | Reached XP level 1. HP: 13/13 MP: 3/3
    41 | D:1      | Reached XP level 2. HP: 17/19 MP: 5/5
  1172 | D:2      | Reached XP level 3. HP: 24/24 MP: 6/6
  1180 | D:2      | Noticed Terence
  1213 | D:1      | Learned a level 3 spell: Confuse
  1235 | D:2      | Killed Terence
  1312 | D:2      | Reached XP level 4. HP: 18/31 MP: 5/7
  1510 | D:2      | Found a faded altar to an unknown god.
  1650 | D:2      | Noticed Ijyb
  1711 | D:1      | Killed Ijyb
  1711 | D:1      | Reached skill level 1 in Fighting
  2587 | D:3      | Reached XP level 5. HP: 35/37 MP: 9/9
  2735 | D:3      | Upgraded the game from 0.17-a0-1393-gcb420ff to 0.17-a0-1397-g0eee0a3
  3156 | D:3      | Found a stormy altar of Qazlal.
  3164 | D:3      | Found a blossoming altar of Fedhas.
  3588 | D:3      | Reached XP level 6. HP: 26/43 MP: 12/12
  3604 | D:3      | Found a snail-covered altar of Cheibriados.
  3606 | D:3      | Found a burning altar of Makhleb.
  3622 | D:3      | Found an opulent altar of Gozag.
  3622 | D:3      | Found a glowing golden altar of the Shining One.
  3859 | D:3      | Found a radiant altar of Vehumet.
  4270 | D:4      | Noticed Eustachio
  4277 | D:4      | Learned a level 3 spell: Tukima's Dance
  4281 | D:4      | Learned a level 3 spell: Dazzling Spray
  4307 | D:4      | Killed Eustachio
  4307 | D:4      | Reached skill level 5 in Stealth
  4462 | D:4      | Noticed Grinder
  4472 | D:4      | Paralysed by Grinder for 4 turns
  4475 | D:4      | Slain by Grinder

Vault maps used:
D:1:      erik_arrival_orb_chamber
D:2:      ecumenical_altar_2, nrook_mini_vaults, kennysheep_nondescript,
          uniq_iyjb, uniq_terence
D:3:      corexii_shack_village, grunt_temple_overflow_forces_of_nature,
          overflow_temple_1_default, nicolae_overflow_quartered_altars
D:4:      serial_shops, nicolae_shop_trees, uniq_grinder, uniq_eustachio

Action                   |  1- 3 |  4- 6 || total
-------------------------+-------+-------++-------
Melee: Dagger            |   149 |   266 ||   415
       Rapier            |       |    13 ||    13
 Fire: Blowgun           |       |    18 ||    18
Throw: Tomahawk          |       |     3 ||     3
 Cast: Corona            |     2 |     7 ||     9
       Confuse           |     1 |     3 ||     4
       Tukima's Dance    |       |     1 ||     1
       Dazzling Spray    |       |     1 ||     1
Evoke: Wand              |       |     3 ||     3
  Use: Potion            |       |     3 ||     3
       Scroll            |       |     5 ||     5
 Stab: Sleeping          |     3 |     4 ||     7
       Confused          |     1 |     2 ||     3
       Invisible         |       |     1 ||     1
  Eat: Corpse            |     4 |     6 ||    10
